[ AOE2 MATCH · #489142476 ]
UnrankedRomans vs Bengalis
Player's team · LOSS
Rival team · WIN
[ REPLAY ANALYSIS · EXTRACTED FROM THE RECORDED GAME ]
Feudal
11:46
Castle
18:17
Imperial
42:33
| APM avg | 79.4 |
| APM peak | 127 |
| eAPM avg | 50.9 |
| Villagers / military | 247 / 172 |
Focus
⚔️ 55.8% · 🌾 44.2%
Knight ×54 · Scout Cavalry ×33 · Centurion ×30 · Skirmisher ×19 · Battering Ram ×15 · Militia ×6
Feudal
8:32
Castle
18:45
Imperial
33:49
| APM avg | 61.0 |
| APM peak | 105 |
| eAPM avg | 35.0 |
| Villagers / military | 216 / 115 |
Focus
⚔️ 39.9% · 🌾 60.1%
Ratha (Ranged) ×61 · Monk ×14 · Archer ×11 · Spearman ×10 · Trebuchet (Packed) ×9 · Mangonel ×4
Match map
Initial resources + every placement click. Lines = walls · curves = elevation contours. ◆ gold · ⬟ stone · ● berries · ✦ relic · ◌ wall gap
Your base· ✓ Closed at 18:17 · 24t walls · 1 gate(s)
Dennis哥's base· Open — opponent sealed themselves in
Smoothed initial terrain · ◌ = detected wall gap · hover for details
Inputs per minute
— TAG_Sitaux - - Dennis哥
Build order — TAG_Sitaux
First 150 of 656 actions detected
| 0:00 | Create | Villager (Male) |
| 0:01 | Create | Villager (Male) |
| 0:02 | Build | House |
| 0:03 | Build | House |
| 0:13 | Create | Villager (Male) |
| 0:13 | Create | Villager (Male) |
| 1:24 | Create | Villager (Male) |
| 1:24 | Create | Villager (Male) |
| 1:45 | Create | Villager (Male) |
| 1:45 | Create | Villager (Male) |
| 1:52 | Build | Lumber Camp |
| 2:15 | Create | Villager (Male) |
| 2:15 | Create | Villager (Male) |
| 2:33 | Create | Villager (Male) |
| 2:33 | Create | Villager (Male) |
| 2:49 | Create | Villager (Male) |
| 3:29 | Create | Villager (Male) |
| 3:42 | Build | House |
| 3:42 | Build | House |
| 3:51 | Create | Villager (Male) |
| 3:51 | Create | Villager (Male) |
| 3:57 | Create | Villager (Male) |
| 4:21 | Create | Villager (Male) |
| 4:21 | Create | Villager (Male) |
| 4:26 | Build | Barracks |
| 4:50 | Create | Villager (Male) |
| 4:50 | Create | Villager (Male) |
| 4:58 | Create | Villager (Male) |
| 5:18 | Build | House |
| 5:21 | Create | Militia |
| 5:22 | Create | Militia |
| 5:39 | Create | Militia |
| 5:39 | Create | Militia |
| 5:58 | Create | Militia |
| 5:59 | Create | Militia |
| 6:05 | Create | Villager (Male) |
| 6:05 | Create | Villager (Male) |
| 6:26 | Build | House |
| 6:27 | Build | House |
| 6:35 | Create | Villager (Male) |
| 6:35 | Create | Villager (Male) |
| 6:39 | Build | House |
| 6:40 | Build | Palisade Wall |
| 6:41 | Build | Palisade Wall |
| 6:53 | Create | Villager (Male) |
| 6:54 | Build | Mill |
| 7:25 | Create | Villager (Male) |
| 7:28 | Build | House |
| 7:29 | Build | Palisade Wall |
| 7:50 | Build | Farm |
| 7:56 | Create | Villager (Male) |
| 7:59 | Build | Palisade Wall |
| 8:21 | Create | Villager (Male) |
| 8:43 | Create | Villager (Male) |
| 8:49 | Build | Farm |
| 9:11 | Create | Villager (Male) |
| 9:24 | Build | Mining Camp |
| 9:33 | Research | Feudal Age |
| 9:33 | Research | Feudal Age |
| 10:01 | Build | Lumber Camp |
| 11:03 | Build | Farm |
| 11:06 | Build | Farm |
| 11:08 | Build | Farm |
| 11:10 | Build | Farm |
| 11:20 | Research | Loom |
| 11:20 | Research | Loom |
| 11:46 | Age | Feudal Age |
| 11:47 | Build | Archery Range |
| 11:48 | Research | Double-Bit Axe |
| 11:49 | Research | Double-Bit Axe |
| 11:49 | Research | Horse Collar |
| 11:49 | Research | Horse Collar |
| 11:53 | Create | Villager (Male) |
| 12:06 | Create | Villager (Male) |
| 12:14 | Build | Farm |
| 12:18 | Build | Farm |
| 12:19 | Create | Villager (Male) |
| 12:24 | Build | Farm |
| 12:26 | Build | House |
| 12:36 | Create | Skirmisher |
| 12:40 | Create | Skirmisher |
| 12:40 | Create | Skirmisher |
| 12:49 | Create | Villager (Male) |
| 12:58 | Build | Farm |
| 13:02 | Create | Villager (Male) |
| 13:05 | Create | Skirmisher |
| 13:14 | Build | Farm |
| 13:17 | Create | Villager (Male) |
| 13:30 | Build | Farm |
| 13:33 | Create | Spearman |
| 13:37 | Create | Skirmisher |
| 13:39 | Create | Villager (Male) |
| 13:51 | Build | Farm |
| 13:58 | Create | Spearman |
| 14:01 | Create | Skirmisher |
| 14:06 | Create | Villager (Male) |
| 14:14 | Build | Farm |
| 14:31 | Build | Palisade Gate |
| 14:40 | Build | Blacksmith |
| 15:03 | Create | Villager (Male) |
| 15:15 | Build | House |
| 15:23 | Build | Farm |
| 15:37 | Research | Castle Age |
| 15:37 | Research | Castle Age |
| 15:46 | Create | Skirmisher |
| 15:53 | Create | Spearman |
| 16:01 | Create | Skirmisher |
| 16:05 | Create | Spearman |
| 16:15 | Create | Skirmisher |
| 16:17 | Research | Gold Mining |
| 16:17 | Research | Gold Mining |
| 16:24 | Research | Fletching |
| 16:24 | Research | Padded Archer Armor |
| 16:54 | Create | Skirmisher |
| 16:57 | Research | Padded Archer Armor |
| 16:57 | Research | Padded Archer Armor |
| 17:24 | Create | Skirmisher |
| 17:30 | Create | Villager (Male) |
| 18:08 | Create | Villager (Male) |
| 18:17 | Age | Castle Age |
| 18:18 | Build | Town Center |
| 18:19 | Research | Elite Skirmisher (upgrade) |
| 18:20 | Research | Bodkin Arrow |
| 18:20 | Research | Bodkin Arrow |
| 18:21 | Research | Bow Saw |
| 18:21 | Research | Bow Saw |
| 18:22 | Create | Villager (Male) |
| 18:30 | Create | Villager (Male) |
| 18:50 | Research | Town Watch |
| 19:09 | Create | Villager (Male) |
| 19:26 | Create | Skirmisher |
| 19:35 | Create | Villager (Male) |
| 19:39 | Create | Villager (Male) |
| 19:40 | Build | House |
| 19:42 | Build | House |
| 19:50 | Create | Villager (Male) |
| 19:50 | Create | Skirmisher |
| 19:55 | Create | Villager (Male) |
| 19:58 | Build | Town Center |
| 20:09 | Create | Skirmisher |
| 20:18 | Create | Villager (Male) |
| 20:27 | Create | Villager (Male) |
| 20:28 | Create | Villager (Male) |
| 20:36 | Create | Villager (Male) |
| 20:51 | Create | Villager (Male) |
| 20:51 | Create | Villager (Male) |
| 20:51 | Create | Villager (Male) |
| 20:53 | Build | Farm |
| 21:01 | Create | Skirmisher |
| 21:23 | Create | Skirmisher |
Build order — Dennis哥
First 150 of 550 actions detected
| 0:00 | Create | Villager (Male) ×4 |
| 0:02 | Build | House |
| 0:02 | Build | House |
| 0:59 | Build | Lumber Camp |
| 1:30 | Create | Villager (Male) |
| 1:59 | Create | Villager (Male) |
| 2:00 | Create | Villager (Male) |
| 2:22 | Create | Villager (Male) |
| 2:23 | Create | Villager (Male) |
| 2:46 | Create | Villager (Male) |
| 2:46 | Create | Villager (Male) |
| 3:18 | Create | Villager (Male) |
| 3:27 | Create | Villager (Male) |
| 3:49 | Build | House |
| 3:49 | Build | House |
| 4:01 | Create | Villager (Male) |
| 4:25 | Create | Villager (Male) |
| 4:47 | Build | Mining Camp |
| 4:50 | Create | Villager (Male) |
| 4:50 | Create | Villager (Male) |
| 4:59 | Research | Loom |
| 6:22 | Research | Feudal Age |
| 7:04 | Build | House |
| 7:05 | Build | Palisade Wall |
| 7:17 | Create | Villager (Male) |
| 7:29 | Build | Barracks |
| 7:58 | Build | House |
| 7:58 | Build | Palisade Wall |
| 8:12 | Create | Villager (Male) |
| 8:32 | Age | Feudal Age |
| 8:35 | Build | Archery Range |
| 8:36 | Research | Double-Bit Axe |
| 9:01 | Create | Villager (Male) |
| 9:15 | Build | House |
| 9:16 | Build | House |
| 9:17 | Create | Archer |
| 9:22 | Build | House |
| 9:32 | Create | Villager (Male) |
| 9:40 | Create | Archer |
| 9:55 | Create | Archer |
| 9:58 | Build | Mill |
| 10:12 | Create | Spearman |
| 10:17 | Create | Villager (Male) |
| 10:20 | Build | Palisade Wall |
| 10:40 | Create | Villager (Male) |
| 10:47 | Build | Farm |
| 10:49 | Build | Farm |
| 10:52 | Create | Archer |
| 11:09 | Create | Villager (Male) |
| 11:24 | Build | Farm |
| 11:26 | Build | Farm |
| 11:27 | Build | Farm |
| 11:30 | Create | Villager (Male) |
| 11:46 | Build | Farm |
| 11:53 | Create | Villager (Male) |
| 12:13 | Build | Farm |
| 12:15 | Build | Farm |
| 12:16 | Create | Villager (Male) |
| 12:51 | Create | Villager (Male) |
| 12:55 | Build | Farm |
| 13:15 | Create | Villager (Male) |
| 13:18 | Build | Farm |
| 13:27 | Build | Farm |
| 13:35 | Build | Market |
| 13:40 | Create | Villager (Male) |
| 13:42 | Build | Farm |
| 13:52 | Build | Farm |
| 13:58 | Create | Archer |
| 14:04 | Create | Villager (Male) |
| 14:14 | Build | House |
| 14:26 | Create | Villager (Male) |
| 14:27 | Create | Archer |
| 14:46 | Build | Blacksmith |
| 14:56 | Create | Villager (Male) |
| 14:57 | Create | Archer |
| 15:08 | Build | House |
| 15:12 | Build | House |
| 15:24 | Create | Villager (Male) |
| 15:30 | Create | Archer |
| 16:05 | Research | Castle Age |
| 16:06 | Research | Castle Age |
| 16:22 | Build | Farm |
| 16:30 | Create | Archer |
| 16:32 | Research | Horse Collar |
| 16:32 | Research | Horse Collar |
| 16:56 | Build | Stable |
| 17:00 | Research | Fletching |
| 17:00 | Research | Fletching |
| 17:04 | Build | Farm |
| 17:10 | Create | Archer |
| 17:38 | Create | Archer |
| 17:43 | Create | Villager (Male) |
| 17:50 | Create | Scout Cavalry |
| 18:45 | Age | Castle Age |
| 18:47 | Build | Monastery |
| 18:49 | Research | Crossbowman (upgrade) |
| 18:50 | Research | Bodkin Arrow |
| 18:52 | Research | Bodkin Arrow |
| 18:52 | Research | Bodkin Arrow |
| 19:05 | Create | Villager (Male) |
| 19:18 | Create | Battle Elephant |
| 19:36 | Create | Villager (Male) |
| 19:40 | Create | Monk |
| 19:59 | Create | Villager (Male) |
| 20:11 | Create | Villager (Male) |
| 20:14 | Create | Villager (Male) |
| 20:24 | Build | Town Center |
| 20:28 | Create | Villager (Male) |
| 20:33 | Build | House |
| 20:51 | Create | Villager (Male) |
| 20:59 | Create | Villager (Male) |
| 21:01 | Build | Farm |
| 21:01 | Build | Farm |
| 21:06 | Create | Villager (Male) |
| 21:09 | Build | Farm |
| 21:19 | Build | Town Center |
| 21:25 | Create | Villager (Male) |
| 21:30 | Create | Monk |
| 21:48 | Create | Villager (Male) |
| 21:50 | Build | Siege Workshop |
| 21:53 | Create | Villager (Male) |
| 21:54 | Build | Farm |
| 21:57 | Build | Farm |
| 21:58 | Build | Farm |
| 21:58 | Create | Villager (Male) |
| 22:04 | Create | Villager (Male) |
| 22:04 | Create | Villager (Male) |
| 22:07 | Create | Villager (Male) |
| 22:12 | Build | House |
| 22:17 | Create | Villager (Male) |
| 22:29 | Create | Villager (Male) |
| 22:42 | Create | Villager (Male) |
| 22:50 | Create | Villager (Male) |
| 22:52 | Create | Mangonel |
| 22:56 | Create | Battle Elephant |
| 23:00 | Build | Farm |
| 23:07 | Build | Farm |
| 23:15 | Create | Monk |
| 23:16 | Create | Villager (Male) ×2 |
| 23:21 | Create | Villager (Male) |
| 23:28 | Build | Farm |
| 23:31 | Build | Farm |
| 23:34 | Build | Farm |
| 23:34 | Build | Farm |
| 23:37 | Create | Villager (Male) |
| 23:42 | Create | Villager (Male) |
| 23:57 | Create | Mangonel |
| 23:57 | Create | Mangonel |
| 24:00 | Create | Villager (Male) |
| 24:08 | Create | Villager (Male) |
Match timeline
| 4:26 | TAG_Sitaux · first_building Barracks |
| 6:40 | TAG_Sitaux · wall_segment Palisade Wall x1 |
| 6:41 | TAG_Sitaux · wall_segment Palisade Wall x9 |
| 7:05 | Dennis哥 · wall_segment Palisade Wall x8 |
| 7:29 | Dennis哥 · first_building Barracks |
| 7:29 | TAG_Sitaux · wall_segment Palisade Wall x8 |
| 7:58 | Dennis哥 · wall_segment Palisade Wall x1 |
| 7:59 | TAG_Sitaux · wall_segment Palisade Wall x6 |
| 8:32 | Dennis哥 · age_up feudal |
| 8:35 | Dennis哥 · first_building Archery Range |
| 10:20 | Dennis哥 · wall_segment Palisade Wall x1 |
| 11:46 | TAG_Sitaux · age_up feudal |
| 11:47 | TAG_Sitaux · first_building Archery Range |
| 16:56 | Dennis哥 · first_building Stable |
| 18:17 | TAG_Sitaux · age_up castle |
| 18:45 | Dennis哥 · age_up castle |
| 18:47 | Dennis哥 · first_building Monastery |
| 19:15 | Dennis哥 · first_market_buy 100 food |
| 19:16 | Dennis哥 · first_market_sell 100 wood |
| 21:50 | Dennis哥 · first_building Siege Workshop |
| 24:43 | TAG_Sitaux · first_building Monastery |
| 25:30 | TAG_Sitaux · first_building Stable |
| 28:26 | Dennis哥 · first_building Castle |
| 32:55 | TAG_Sitaux · first_building Castle |
| 33:30 | TAG_Sitaux · first_building Siege Workshop |
| 33:49 | Dennis哥 · age_up imperial |
| 42:33 | TAG_Sitaux · age_up imperial |
| 42:37 | TAG_Sitaux · first_market_buy 100 stone |
| 43:07 | TAG_Sitaux · first_market_sell 100 wood |
| 47:22 | TAG_Sitaux · resign |
[ AI ANALYSIS · 1 CREDIT ]
What really happened in this match?
Wolo.gg analyzes every decision: build order, eco, micro, common mistakes by bracket. Personalized analysis on WhatsApp or Discord in 30 seconds.
Civ guide
Romans
Perfil
Jugador #212721